 Dungeon Crawl Stone Soup version 0.28-a0-1594-ga885d4b3d6 (webtiles) character file.

Game seed: 16067648884947306865

30 enile the Arsonist (level 3, -3/22 HPs)
             Began as a Gnoll Wanderer on Jan 21, 2022.
             Was a Follower of Uskayaw.
             Killed from afar by Sigmund (7 damage)
             ... with a magic dart
             ... on level 2 of the Dungeon.
             The game lasted 00:02:19 (2661 turns).

enile the Arsonist (Gnoll Wanderer)                 Turns: 2661, Time: 00:02:20

Health: -3/22      AC:  3    Str: 15    XL:     3   Next: 20%
Magic:  9/9        EV: 11    Int: 11    God:    Uskayaw [*.....]
Gold:   16         SH:  0    Dex:  9    Spells: 9/12 levels left

rFire   . . .      SeeInvis .   a - +0 mace
rCold   . . .      Faith    .   (no shield)
rNeg    . . .      Spirit   .   d - +0 leather armour
rPois   .          Reflect  .   (no helmet)
rElec   +          Harm     .   (no cloak)
rCorr   .          Rampage  .   (no gloves)
Will    .....      Rage     1%  (no boots)
Stlth   +.........              (no amulet)
HPRegen 0.07/turn               (no ring)
MPRegen 0.11/turn               (no ring)

@: no status effects
A: fangs 1, strong nose, distributed training, berserk 1, frail 1, electricity
resistance
a: Renounce Religion, Stomp


You were on level 2 of the Dungeon.
You worshipped Uskayaw.
Uskayaw was noncommittal.
You visited 1 branch of the dungeon, and saw 2 of its levels.

You collected 16 gold pieces.

Inventory:

Hand Weapons
 a - a +0 mace (weapon)
 c - a +0 dagger
Missiles
 b - 11 poisoned darts (quivered)
Armour
 d - a +0 leather armour (worn)
 j - a +0 ring mail
Jewellery
 f - a +4 ring of evasion
 i - an amulet of faith
Scrolls
 l - 3 scrolls of identify {unknown}
Potions
 h - a potion of cancellation
 k - a potion of mutation


   Skills:
 + Level 0.6 Fighting
 + Level 0.6 Short Blades
 + Level 0.6 Long Blades
 + Level 0.6 Axes
 + Level 2.5 Maces & Flails
 + Level 0.6 Polearms
 + Level 0.6 Staves
 + Level 0.6 Slings
 + Level 0.6 Bows
 + Level 0.6 Crossbows
 + Level 2.5 Throwing
 + Level 0.6 Armour
 + Level 2.5 Dodging
 + Level 0.6 Stealth
 + Level 0.6 Shields
 + Level 0.6 Unarmed Combat
 + Level 5.0 Spellcasting
 + Level 0.4 Conjurations
 + Level 0.4 Hexes
 + Level 0.4 Summonings
 + Level 0.4 Necromancy
 + Level 0.4 Translocations
 + Level 0.4 Transmutations
 + Level 8.7 Fire Magic
 + Level 0.4 Ice Magic
 + Level 0.4 Air Magic
 + Level 0.4 Earth Magic
 + Level 0.4 Poison Magic
 + Level 0.8 Invocations
 + Level 0.6 Evocations


You had 9 spell levels left.
You knew the following spells:

 Your Spells              Type           Power      Damage    Failure   Level
a - Foxfire               Conj/Fire      48%        2x1d6     4%          1
b - Scorch                Fire           44%        2d7       1%          2

Your spell library contained the following spells:

 Spells                   Type           Power      Damage    Failure   Level
 Conjure Flame            Conj/Fire      12%        6-21      12%         3


Dungeon Overview and Level Annotations

Branches:
Dungeon (2/15)

Altars:
Uskayaw

Annotations:
D:2 1 runed translucent door, Crazy Yiuf, Sigmund


Innate Abilities, Weirdness & Mutations

You have very sharp teeth.
Your uncanny sense of smell can sniff out nearby items.
Your experience applies equally to all skills.
You tend to lose your temper in combat.
You are frail. (-10% HP)
You are resistant to electric shocks. (rElec)


Message History

The puff of flame hits you!
Ouch! That really hurt!
Sigmund points at you and mumbles some strange words.
The magic dart hits you!
* * * LOW HITPOINT WARNING * * *
Unknown command.
Okay, then.
It was a potion of mutation.
You feel extremely strange.
You feel frail. x2; You feel stronger.
It was a potion of cancellation.
You feel magically purged. Sigmund gestures at you while chanting.
You resist with significant effort.
It was a potion of curing.
You feel better.
Okay, then.
Found 13 gold pieces.
Sigmund points at you and mumbles some strange words.
The magic dart hits you!
* * * LOW HITPOINT WARNING * * *
Okay, then.
As you read the scroll labelled GUOHIA HEES, it crumbles to dust.
You hear a loud clanging noise!
It was a scroll of noise.
You hear a shout!
Okay, then.
You feel extremely strange.
You feel robust.
You feel weaker.
You feel a little pissed off.
You feel insulated.
Sigmund gestures wildly while chanting.
Sigmund flickers and vanishes!
Deactivating autopickup; reactivate with Ctrl-A.
You open the door.
A bat comes into view.
Found a stone staircase leading down.
The bat hits you but does no damage.
There is an open door here.
You barely miss the bat. Your bite misses the bat.
The bat hits you but does no damage.
A magic dart appears from out of thin air!
The magic dart hits you!
You die...

# ##+# .# # #...#
###.##. .....#
...... ......#
##.#.#
....b..####....####
.......@...{.......
.......####....###
..>...# ##....##
...>.# #..$..#
#...# #.....# ##'#
#.....# #.# ##...##
#.# ##.## ##.## #.#


You could see a bat.

Vanquished Creatures
  4 ball pythons (D:1)
  3 bats (D:1)
  4 endoplasms (D:1)
  A giant cockroach (D:1)
  4 goblins (D:1)
  A hobgoblin (D:1)
  2 quokkas (D:1)
  A frilled lizard (D:1)
  4 kobolds (D:1)
  2 rats (D:1)
26 creatures vanquished.

Vanquished Creatures (others)
  131 foxfires
131 creatures vanquished.

Grand Total: 157 creatures vanquished

Notes
Turn   | Place    | Note
-------+----------+-------------------------------------------
     0 | D:1      | enile the Gnoll Wanderer began the quest for the Orb.
     0 | D:1      | enile set off with the following items: a +0 mace, 11
                  | poisoned darts, a +0 dagger, a +0 leather armour; and the
                  | following spell memorised: Foxfire; and the following
                  | spells available to memorise: Scorch, Conjure Flame
     0 | D:1      | Reached XP level 1. HP: 13/13 MP: 6/6
   200 | D:1      | Reached XP level 2. HP: 19/19 MP: 5/7
   976 | D:1      | Found a faded altar of an unknown god.
   988 | D:1      | Prayed at the altar of an unknown god.
   988 | D:1      | Became a worshipper of Uskayaw the Reveller
   988 | D:1      | Reached * piety under Uskayaw
  1284 | D:1      | Reached XP level 3. HP: 25/25 MP: 5/9
  1330 | D:1      | Reached skill level 5 in Spellcasting
  1750 | D:1      | Learned a level 2 spell: Scorch
  1781 | D:2      | Noticed Sigmund
  2497 | D:2      | Found a runed translucent door.
  2498 | D:2      | Noticed Crazy Yiuf
  2640 | D:2      | Gained mutation: You are frail. (-10% HP) [potion of
                  | mutation]
  2640 | D:2      | Gained mutation: You are very frail. (-20% HP) [potion of
                  | mutation]
  2640 | D:2      | Gained mutation: Your muscles are strong. (Str +2) [potion
                  | of mutation]
  2652 | D:2      | Lost mutation: You are very frail. (-20% HP) [potion of
                  | mutation]
  2652 | D:2      | Lost mutation: Your muscles are strong. (Str +2) [potion of
                  | mutation]
  2652 | D:2      | Gained mutation: You tend to lose your temper in combat.
                  | [potion of mutation]
  2652 | D:2      | Gained mutation: You are resistant to electric shocks.
                  | (rElec) [potion of mutation]
  2661 | D:2      | Killed from afar by Sigmund

Illustrated notes

Levels and vault maps discovered:
D:1:      dpeg_arrival_rooms_b, layout_basic, shapermc_ecumenical_altar_pompeii,
          hangedman_decor_opposing, minivault_11, nrook_mini_vaults
D:2:      layout_loops_corners, serial_shops, nicolae_shop_bloodbath_and_beyond,
          uniq_crazy_yiuf_cottage, uniq_sigmund

Skill      XL: |  1  2  3 |
---------------+----------+-----
Spellcasting   | 5 |  5.0
Fighting       | |  0.6
Short Blades   | |  0.6
Long Blades    | |  0.6
Axes           | |  0.6
Maces & Flails | |  2.5
Polearms       | |  0.6
Staves         | |  0.6
Slings         | |  0.6
Bows           | |  0.6
Crossbows      | |  0.6
Throwing       | |  2.5
Armour         | |  0.6
Dodging        | |  2.5
Stealth        | |  0.6
Shields        | |  0.6
Unarmed Combat | |  0.6
Conjurations   | |  0.4
Hexes          | |  0.4
Summonings     | |  0.4
Necromancy     | |  0.4
Translocations | |  0.4
Transmutations | |  0.4
Fire Magic     | |  8.7
Ice Magic      | |  0.4
Air Magic      | |  0.4
Earth Magic    | |  0.4
Poison Magic   | |  0.4
Invocations    | |  0.8
Evocations     | |  0.6

Action                   || total
-------------------------++-------
Melee: Mace              ||     9
       Bite              ||     1
 Cast: Foxfire           ||    85
  Use: Potion            ||     4
       Scroll            ||     1
Armor: Leather armour    ||    10
Dodge: Dodged            ||    14

Table legend: (Time is in decaauts)
 A = Elapsed time spent in this place.
 B = Non-inter-level travel time spent in this place.
 C = Inter-level travel time spent in this place.
 D = Time resting spent in this place.
 E = Time spent auto-exploring this place.
 F = Levels seen in this place.
 G = Mean time per level.
                   A        B        C        D        E       F      G
               +--------+--------+--------+--------+--------+-----+--------+
         Total |   2664 |   2575 |     89 |    532 |   1732 |   2 | 1332.0 |
       Dungeon |   2664 |   2575 |     89 |    532 |   1732 |   2 | 1332.0 |
               +--------+--------+--------+--------+--------+-----+--------+

Top non-repeatable levels by time:
     D:1: 2434 daAuts
     D:2: 230 daAuts
